 Dungeon Crawl Stone Soup version 0.30.1-11-g7821555f0a (webtiles) character file.

Game seed: 4879831874543487451

94 pkoi the Ruffian (level 4, -2/38 HPs)
             Began as a Draconian Monk on Oct 29, 2023.
             Was a Believer of the Shining One.
             Slain by a sleepcap (14 damage)
             ... on level 3 of the Dungeon.
             The game lasted 00:02:33 (2143 turns).

pkoi the Ruffian (Draconian Monk)                   Turns: 2143, Time: 00:02:34

Health: -2/38      AC:  5    Str: 14    XL:     4   Next: 38%
Magic:  4/4        EV:  2    Int: 12    God:    the Shining One [**....]
Gold:   215        SH:  0    Dex: 13    Spells: 3/3 levels left

rFire   . .          .
                       - Unarmed
rCold   . . .        b - orb {light}
rNeg    + . .        (body armour unavailable)
rPois   +            (helmet restricted)
rElec   .            (no cloak)
rCorr   .            (no gloves)
SInv    .            (no boots)
Will    .....        (no amulet)
Stlth   +            e - ring of poison resistance
HPRegen 0.26/turn    (no ring)
MPRegen 0.09/turn

%: no passive effects
@: confused, sleeping, ambrosia-drunk, glowing
A: AC +5, unfitting armour, cold-blooded
a: Renounce Religion, Divine Shield


You were on level 3 of the Dungeon.
You worshipped the Shining One.
The Shining One was pleased with you.
You visited 1 branch of the dungeon, and saw 4 of its levels.

You collected 215 gold pieces.

Inventory:

Hand Weapons
 g - a +0 short sword
 j - a +2 dagger of protection
Armour
 b - an orb of light (worn)
Jewellery
 e - a ring of poison resistance (left hand)
Scrolls
 d - 2 scrolls of amnesia {unknown}
 f - a scroll of teleportation {unknown}
 m - a scroll of fog {unknown}
 n - a scroll of torment {unknown}
Potions
 c - a potion of might {unknown}
 h - 2 potions of brilliance {unknown}
 i - a potion of degeneration {unknown}
 k - a potion of lignification {unknown}
 l - 3 potions of curing {unknown}
 o - 2 potions of resistance {unknown}


   Skills:
 - Level 3.2 Fighting
 - Level 2.6 Dodging
 + Level 5.2 Unarmed Combat
 + Level 0.1 Invocations


You had 3 spell levels left.
You didn't know any spells.
Your spell library was empty.

Dungeon Overview and Level Annotations

Branches:
Dungeon (4/15)
 Temple: D:4-7

Altars:
The Shining One

Annotations:
D:3 1 runed translucent door, ShellytheWitch's ghost, amateur KoBr


Innate Abilities, Weirdness & Mutations

Your plain brown scales are hard. (AC +5)
You cannot fit into any form of body armour.
You are cold-blooded and may be slowed by cold attacks.


Message History

The sleepcap releases spores at you but does no damage.
The kobold closely misses you.
You punch the sleepcap!
The sleepcap is moderately damaged.
The sleepcap barely misses you. The kobold hits you with a +0 dagger.
You hit the sleepcap but do no damage.
The sleepcap is moderately damaged.
The kobold hits you but does no damage. The sleepcap completely misses you.
The goblin closely misses you.
You hit the sleepcap but do no damage.
The sleepcap is moderately damaged.
The goblin hits you but does no damage. The kobold misses you.
The goblin hits you with a +0 club. The sleepcap closely misses you.
Unknown command.
The goblin closely misses you. The goblin hits you but does no damage.
The sleepcap releases spores at you. The kobold hits you but does no damage.
You climb upwards.
Level annotation: 1 runed translucent door, ShellytheWitch's ghost, amateur KoBr
There is a stone staircase leading down here.
Unknown command.
Unknown command.
The sleepcap releases spores at you. The goblin barely misses you.
The goblin attacks as you move away! The goblin hits you with a +0 club.
The kobold attacks as you move away! The kobold hits you with a +0 dagger.
The sleepcap releases spores at you!
You are engulfed in a cloud of soporific spores!
You fall asleep.
The kobold hits you with a +0 dagger.
You wake up.
* * * LOW HITPOINT WARNING * * *
The sleepcap completely misses you. The goblin hits you but does no damage.
The goblin attacks as you move away! The goblin hits you but does no damage.
The sleepcap attacks as you move away! The sleepcap barely misses you.
The kobold throws a stone.
The stone hits you but does no damage.
You are confused.
You feel invigorated. The sleepcap releases spores at you.
* * * LOW HITPOINT WARNING * * *
You are engulfed in a cloud of soporific spores!
You fall asleep.
The sleepcap releases spores at you!
You die...

...###...><........#....######
##..........#.>†...#.#.###
##..........#..<.....#...#
...........###.....(.###.#
......####.#........## #.#
................K##.# #.#
.......)......##gg..####.##
..............##f##.......#
..............##@##.####..#
..............##.#..# #..#
..............##...## ####
...#.#........##÷###
#....#........##.#
##.........<..##.####
.##....#####........# .W+..#.#
#........# .##..#.##
#........#


You could see a sleepcap, 2 goblins and a kobold.

Vanquished Creatures
  3 adders
  2 worms
  3 orcs (D:3)
  6 bats
  5 endoplasms
  3 giant cockroaches
  4 goblins
  8 hobgoblins
  4 kobolds
  2 quokkas
  6 ball pythons
  A frilled lizard (D:1)
  5 rats
52 creatures vanquished.

Notes
Turn   | Place    | Note
-------+----------+-------------------------------------------
     0 | D:1      | pkoi the Draconian Monk began the quest for the Orb.
     0 | D:1      | Reached XP level 1. HP: 19/19 MP: 1/1
   276 | D:1      | Reached XP level 2. HP: 22/26 MP: 2/2
   500 | D:1      | Reached skill level 4 in Unarmed Combat
   873 | D:2      | Reached XP level 3. HP: 12/31 MP: 3/3
   976 | D:2      | Found a faded altar of an unknown god.
  1657 | D:3      | Reached XP level 4. HP: 30/38 MP: 4/4
  1667 | D:3      | Reached skill level 5 in Unarmed Combat
  1668 | D:3      | Found a runed translucent door.
  1671 | D:3      | Noticed ShellytheWitch's ghost (amateur KoBr)
  1726 | D:3      | Found a glowing golden altar of the Shining One.
  2066 | D:3      | Became a worshipper of the Shining One
  2066 | D:3      | Reached * piety under the Shining One
  2066 | D:3      | Reached ** piety under the Shining One
  2143 | D:3      | Slain by a sleepcap

Illustrated notes

Levels and vault maps discovered:
D:1:      dpeg_arrival_round_c, layout_loops_ring
D:2:      layout_loops_ring, hellmonk_ecumenical_altar_blasted, kennysheep_nub
D:3:      layout_rooms, tso_metal_star, hellmonk_ghost_happy_afterlife
D:4:      layout_rooms, grunt_temple_overflow_forces_of_nature,
          minmay_crystal_water

Skill      XL: |  1  2  3  4 |
---------------+-------------+-----
Unarmed Combat | 4 5 |  5.2
Fighting       | |  3.2
Dodging        | |  2.6
Invocations    | |  0.1

Action                     |  1- 3 |  4- 6 || total
---------------------------+-------+-------++-------
  Melee: Unarmed           |   116 |    42 ||   158
         Tailslap          |    14 |     8 ||    22
    Use: Potion            |       |     1 ||     1
 Armour: Skin              |    31 |    28 ||    59
  Dodge: Dodged            |    69 |    46 ||   115
